 Dungeon Sprint DCSS version 0.18-a0-33-g9e10395 (console) character file.

182 Kellhus the Cleaver (level 5, -2/42 HPs)
             Began as a Demigod Fighter on Nov 5, 2015.
             Slain by a hippogriff (4 damage)
             ... in the Dungeon (Sprint IX: "|||||||||||||||||||||||||||||").
             The game lasted 00:00:39 (268 turns).

Kellhus the Cleaver (Demigod Fighter)                Turns: 268, Time: 00:00:39

Health: -2/42      AC:  6    Str: 19    XL:     5   Next: 12%
Magic:  7/7        EV:  7    Int: 12    God:
Gold:   0          SH:  9    Dex: 17    Spells: 0 memorised, 4 levels left

rFire  . . .     SeeInvis .     a - +0 war axe
rCold  . . .     Clarity  .     b - +0 scale mail
rNeg   . . .     SustAt   +     c - +0 shield
rPois  .         Gourm    .     (no helmet)
rElec  .         Spirit   .     (no cloak)
rCorr  .         Warding  .     (no gloves)
rMut   .         NoTele   +     (no boots)
MR     .....                    (no amulet)
Stlth  ..........               (no ring)
                                (no ring)

@: not resistant to hostile enchantments, extremely unstealthy
A: high mp 1, sustain attributes
a: no special abilities


You were in the Dungeon.
You were not hungry.

You visited 1 branch

Inventory:

Hand Weapons
 a - a +0 war axe (weapon)
 o - the +2 scimitar "Goquoq Tilef" {pain, Str+7}
   (You found it in the Dungeon)

   In the hands of one skilled in necromantic magic, it inflicts extra damage on
   living creatures.
   It affects your strength (+7).
Armour
 b - a +0 scale mail (worn)
 c - a +0 shield (worn)
 p - a +0 cloak
 q - a +0 pair of gloves
Jewellery
 r - a +3 ring of intelligence
Wands
 n - a wand of draining (7)
Scrolls
 k - 2 scrolls of blinking
 l - 3 scrolls of remove curse
 m - 2 scrolls of amnesia
Potions
 d - a potion of might
 f - 5 potions of curing
 g - 3 potions of heal wounds
 h - a potion of haste
 i - 4 potions of magic
Comestibles
 e - a bread ration


   Skills:
 - Level 2.6 Fighting
 + Level 10.2 Axes
 - Level 2.6 Armour
 - Level 2.6 Shields


You had 4 spell levels left.
You didn't know any spells.

Dungeon Overview and Level Annotations

Branches:
Dungeon (1/1)


Innate Abilities, Weirdness & Mutations

You have an increased reservoir of magic (+10% MP).
Your attributes are resistant to harm.


Message History

The orc wizard is heavily wounded.
The orc wizard hits you but does no damage.
The hound barely misses you. You block the orc wizard's attack.
The hound bites you.
* * * LOW HITPOINT WARNING * * *
You are too injured to fight recklessly!
Your shield and scale mail prevent you from hitting the hound.
You slash the orc wizard!
You kill the orc wizard!
Your Axes skill increases to level 9!
The hound closely misses you. The hound bites you but does no damage.
You slash the hound!
The hound is severely wounded.
The hound barely misses you.
You are too injured to fight recklessly!
You slash the hound!
You kill the hound!
Your Axes skill increases to level 10!
You have reached level 5!
You closely miss the hippogriff. The hippogriff bites you.
You die...

▓+▓
▓.▓
▓.▓
▓.▓
▓.▓
▓S▓
▓H▓
▓@▓
▓)▓
▓=▓
▓[▓
▓.▓
▓.▓
▓)▓
▓|▓
▓.▓
▓!▓
▓'▓


You could see a hippogriff and an adder.

Vanquished Creatures
  A crimson imp (D)
  2 hounds (D)
  An orc wizard (D)
  An iguana (D)
  A worker ant (D)
  A giant gecko (D)
  A bat (D)
  A hobgoblin (D)
  A kobold (D)
  A giant gecko zombie (D)
  A giant newt (D)
  A goblin (D)
  A jackal zombie (D)
14 creatures vanquished.

Notes
Turn   | Place    | Note
--------------------------------------------------------------
     0 | D        | Kellhus the Demigod Fighter began the quest for the Orb.
     0 | D        | Reached XP level 1. HP: 18/18 MP: 3/3
    21 | D        | Reached skill level 3 in Axes
    80 | D        | Noticed a crimson imp
    80 | D        | Noticed a hound
    80 | D        | Noticed a worker ant
    84 | D        | Killed a worker ant
    84 | D        | Reached skill level 5 in Axes
    84 | D        | Reached XP level 2. HP: 25/25 MP: 4/4
    88 | D        | Reached skill level 7 in Axes
    88 | D        | Reached XP level 3. HP: 30/30 MP: 5/5
    92 | D        | Reached skill level 8 in Axes
    92 | D        | Reached XP level 4. HP: 36/37 MP: 6/6
   213 | D        | Found a glowing silver altar of Zin.
   213 | D        | Found a glowing golden altar of the Shining One.
   213 | D        | Found an ancient bone altar of Kikubaaqudgha.
   213 | D        | Found a basalt altar of Yredelemnul.
   213 | D        | Found a shimmering altar of Xom.
   213 | D        | Found a radiant altar of Vehumet.
   214 | D        | Found an iron altar of Okawaru.
   215 | D        | Found a burning altar of Makhleb.
   216 | D        | Found a deep blue altar of Sif Muna.
   217 | D        | Found a bloodstained altar of Trog.
   218 | D        | Found a sparkling altar of Nemelex Xobeh.
   219 | D        | Found a white marble altar of Elyvilon.
   220 | D        | Found a roughly hewn altar of Beogh.
   221 | D        | Found a viscous altar of Jiyva.
   222 | D        | Found a corrupted altar of Lugonu.
   223 | D        | Found a blossoming altar of Fedhas.
   224 | D        | Found a snail-covered altar of Cheibriados.
   225 | D        | Found a shadowy altar of Dithmenos.
   226 | D        | Found a stormy altar of Qazlal.
   227 | D        | Found an opulent altar of Gozag.
   228 | D        | Found a sacrificial altar of Ru.
   245 | D        | Got the +2 scimitar "Goquoq Tilef" {pain, Str+7}
   254 | D        | Noticed a hippogriff
   265 | D        | Reached skill level 9 in Axes
   267 | D        | Reached skill level 10 in Axes
   267 | D        | Reached XP level 5. HP: 2/42 MP: 7/7
   268 | D        | Slain by a hippogriff

Vault maps used:
D:        linesprint

Action                   |  1- 3 |  4- 6 || total
-------------------------+-------+-------++-------
Melee: War axe           |    30 |    13 ||    43
  Use: Potion            |     1 |       ||     1
